 Dungeon Crawl Stone Soup version 0.27-a0-1191-g601b473118 (webtiles) character file.

Game seed: 15234930229458407881

163 senseless the Skirmisher (level 5, -1/43 HPs)
             Began as a Demonspawn Monk on May 24, 2021.
             Was a Priest of Okawaru.
             Slain by an orc priest
             ... wielding a +0 whip
              (5 damage)
             ... on level 3 of the Dungeon.
             The game lasted 00:04:17 (2598 turns).

senseless the Skirmisher (Demonspawn Monk)          Turns: 2598, Time: 00:04:18

Health: -1/43      AC:  8    Str: 12    XL:     5   Next: 20%
Magic:  3/5        EV: 16    Int: 12    God:    Okawaru [***...]
Gold:   102        SH:  0    Dex: 15    Spells: 4/4 levels left

rFire    . . .     SeeInvis .     - Unarmed
rCold    . . .     Faith    .   (no shield)
rNeg     . . .     Spirit   .   a - +0 robe
rPois    .         Reflect  .   (no helmet)
rElec    .         Harm     .   (no cloak)
rCorr    .         Rampage  .   g - +2 pair of gloves
Will     .....                  (no boots)
Stlth    +++.......             (no amulet)
HPRegen  0.14/turn              (no ring)
MPRegen  0.09/turn              (no ring)

@: heroic
A: slimy green scales 2
a: Renounce Religion, Heroism


You were on level 3 of the Dungeon.
You worshipped Okawaru.
Okawaru was most pleased with you.
You visited 1 branch of the dungeon, and saw 3 of its levels.

You collected 102 gold pieces.

Inventory:

Missiles
 k - 6 atropa-tipped darts (quivered)
Armour
 a - a +0 robe (worn)
 g - a +2 pair of gloves (worn)
Scrolls
 b - a scroll of noise {unknown}
 d - a scroll of acquirement {unknown}
 e - a scroll of identify {unknown}
 f - a scroll of enchant armour {unknown}
 i - 2 scrolls of teleportation {unknown}
Potions
 c - a potion of mutation {unknown}
 h - 2 potions of heal wounds {unknown}
 j - a potion of flight {unknown}


   Skills:
 * Level 4.7(9.7) Fighting
 + Level 3.5(8.5) Dodging
 - Level 1.7(6.7) Stealth
 + Level 3.5(8.5) Unarmed Combat


You had 4 spell levels left.
You didn't know any spells.
Your spell library was empty.

Dungeon Overview and Level Annotations

Branches:
Dungeon (3/15)

Altars:
Okawaru


Innate Abilities, Weirdness & Mutations

You are mostly covered in slimy green scales. (AC +3)


Message History

The orc closely misses you.
The orc priest hits you but does no damage.
You hit the orc priest.
The orc priest is moderately wounded.
The orc hits you with a +0 flail.
The orc priest hits you but does no damage.
You barely miss the orc priest.
The orc priest is moderately wounded.
The orc closely misses you. The orc priest barely misses you.
You hit the orc priest.
The orc priest is severely wounded.
The orc closely misses you. The orc priest hits you with a +0 whip.
You are too injured to fight recklessly!
You are too injured to fight recklessly!
You are too injured to fight recklessly!
You are too injured to fight recklessly!
You are too injured to fight recklessly!
You are too injured to fight recklessly!
You hit the orc priest but do no damage.
The orc priest is severely wounded.
The orc barely misses you.
The orc priest hits you but does no damage.
You closely miss the orc priest.
The orc priest is severely wounded.
The orc closely misses you.
The orc priest invokes the aid of Beogh against you.
Beogh smites you!
* * * LOW HITPOINT WARNING * * *
You barely miss the orc priest.
The orc priest is severely wounded.
The orc closely misses you.
The orc priest miscasts a cantrip.
You gain the combat prowess of a mighty hero.
The orc closely misses you. The orc priest barely misses you.
You completely miss the orc priest.
The orc priest is heavily wounded.
The orc hits you with a +0 flail.
* * * LOW HITPOINT WARNING * * *
The orc priest hits you with a +0 whip.
You die...

#. #. #. #####
#.## #...
..####.###
#.##.....#
#.##..)..###.#
#.....@o......
#.##..o..###.#
#.##.....#
##.####.###
#..# #.#
#..####.# .
#..).##.### #.
#..........
##..#....##.###


You could see an orc priest and an orc.

Vanquished Creatures
  An orc priest (D:3)
  A centaur skeleton (D:3)
  2 adders (D:2)
  2 worms (D:2)
  2 dart slugs (D:1)
  2 orcs (D:3)
  5 bats
  5 endoplasms
  3 giant cockroaches (D:1)
  4 hobgoblins
  11 jackals
  2 quokkas (D:2)
  4 ball pythons
  5 frilled lizards
  3 goblins
  11 kobolds
  10 rats
73 creatures vanquished.

Notes
Turn   | Place    | Note
-------+----------+-------------------------------------------
     0 | D:1      | senseless the Demonspawn Monk began the quest for the Orb.
     0 | D:1      | Reached XP level 1. HP: 18/18 MP: 1/1
   365 | D:1      | Gained mutation: You are partially covered in slimy green
                  | scales. (AC +2) [demonic ancestry]
   365 | D:1      | Reached XP level 2. HP: 21/24 MP: 2/2
   489 | D:1      | Found a faded altar of an unknown god.
   960 | D:1      | Reached XP level 3. HP: 25/29 MP: 3/3
  1551 | D:1      | Became a worshipper of Warmaster Okawaru
  1551 | D:1      | Reached * piety under Okawaru
  1551 | D:1      | Reached ** piety under Okawaru
  1686 | D:2      | Reached skill level 4 in Fighting
  1744 | D:2      | Reached XP level 4. HP: 34/37 MP: 4/4
  2534 | D:3      | Reached *** piety under Okawaru
  2580 | D:3      | Gained mutation: You are mostly covered in slimy green
                  | scales. (AC +3) [demonic ancestry]
  2580 | D:3      | Reached XP level 5. HP: 42/43 MP: 5/5
  2598 | D:3      | Slain by an orc priest

Illustrated notes

Levels and vault maps discovered:
D:1:      dpeg_arrival_simpleton_c, layout_loops_ring,
          hellmonk_ecumenical_altar_arch_garden, hangedman_decor_growths,
          minmay_misc_feat_encased, minivault_26, minmay_pentomino_z4
D:2:      minmay_angry_zag, layout_loops_ring, kennysheep_path_1,
          kennysheep_generic_room_7
D:3:      layout_loops_ring, trog_hazing_becter, gammafunk_temple_overflow_claw,
          grunt_qazlal_clouds, uniq_grinder

Skill      XL: |  1  2  3 |
---------------+----------+-----
Dodging        | 3 |  3.5
Unarmed Combat | 3 |  3.5
Fighting       | 4 |  4.7
Stealth        | |  1.7

Action                   |  1- 3 |  4- 6 || total
-------------------------+-------+-------++-------
Melee: Unarmed           |   194 |   119 ||   313
       Punch             |     5 |       ||     5
Invok: Heroism           |       |     1 ||     1
 Stab: Sleeping          |    11 |     6 ||    17
Armor: Robe              |    60 |    41 ||   101
Dodge: Dodged            |   147 |    75 ||   222

Table legend: (Time is in decaauts)
 A = Elapsed time spent in this place.
 B = Non-inter-level travel time spent in this place.
 C = Inter-level travel time spent in this place.
 D = Time resting spent in this place.
 E = Time spent auto-exploring this place.
 F = Levels seen in this place.
 G = Mean time per level.
                   A        B        C        D        E       F      G
               +--------+--------+--------+--------+--------+-----+--------+
         Total |   2579 |   2459 |    120 |      0 |   1940 |   3 |  859.7 |
       Dungeon |   2579 |   2459 |    120 |      0 |   1940 |   3 |  859.7 |
               +--------+--------+--------+--------+--------+-----+--------+

Top non-repeatable levels by time:
     D:1: 1585 daAuts
     D:2: 923 daAuts
     D:3: 70 daAuts
